Adelaide Pink Elephants vs Newfoundland Shamrocks
Created - Tuesday, March 28, 2023 at 07:28
Goals
|
| Adelaide Pink Elephants |
2 |
2 |
2 |
6 |
| Newfoundland Shamrocks |
0 |
1 |
3 |
4 |
|
Shots
|
| Adelaide Pink Elephants |
14 |
13 |
5 |
32 |
| Newfoundland Shamrocks |
12 |
12 |
21 |
45 |
|
1st period
1. Adelaide Pink Elephants , Johan Larsson 12 (Caleb Jones 4, Philippe Myers 5) at 17:07 (PP)
2. Adelaide Pink Elephants , Ryan Dzingel 4 (Johan Larsson 12) at 19:19
Penalties :
Dominik Simon (APE) for Tripping (Minor) at 0:35, Jon Merrill (NFS) for Holding (Minor) at 16:52, Jacob Bernard-Docker (NFS) for Fighting (Major) at 19:50, Adam Gaudette (APE) for Fighting (Major) at 19:50
2nd period
3. Newfoundland Shamrocks , Riley Barber 6 (Ville Heinola 2, Nicolas Deslauriers 9) at 9:21 (PP)
4. Adelaide Pink Elephants , Johan Larsson 13 (Ryan Dzingel 14, Philippe Myers 6) at 9:31
5. Adelaide Pink Elephants , Adam Gaudette 5 (Johan Larsson 13, Ryan Dzingel 15) at 17:04
Penalties :
Ryan Dzingel (APE) for Goalie Interference (Minor) at 7:51, Marc McLaughlin (APE) for Hooking (Minor) at 18:03
3rd period
6. Newfoundland Shamrocks , Tanner Laczynski 5 (Drew O'Connor 6, Jon Merrill 5) at 1:50
7. Adelaide Pink Elephants , Johan Larsson 14 (Adam Gaudette 5, Axel Jonsson-Fjallby 2) at 10:05
8. Newfoundland Shamrocks , Jon Merrill 2 (Ville Heinola 3, Tanner Laczynski 8) at 12:47 (PP)
9. Newfoundland Shamrocks , Max Comtois 13 (Raphael Lavoie 12) at 13:05
10. Adelaide Pink Elephants , Ryan Dzingel 5 (Caleb Jones 5, Johan Larsson 14) at 17:57 (PP)
Penalties :
Ryan Dzingel (APE) for High sticking (Double Minor) at 10:12, Johan Larsson (APE) for Interference (Minor) at 10:35, Nicolas Deslauriers (NFS) for Hooking (Minor) at 13:37, Jon Merrill (NFS) for Holding (Minor) at 17:44
Goalie Stats
Jet Greaves (APE), 41 saves from 45 shots - (0.911), W, 4-7-0, 60:00 minutes
Dustin Tokarski (NFS), 26 saves from 32 shots - (0.813), L, 3-2-0, 60:00 minutes
Players Stats for Adelaide Pink Elephants
Player Name G A P +/- PIM S H SB GA TA FO MP PP MP PK MP
------------------------------------------------------------------------------------
A.J. Greer 0 0 0 -1 0 0 1 0 0 0 0/1 6:30 0:00 0:38
Adam Gaudette 1 1 2 3 5 5 2 4 0 0 2/5 20:00 1:31 3:00
Axel Jonsson-Fjallby 0 1 1 0 0 2 3 1 1 0 0/2 14:09 0:00 3:05
Ben Gleason 0 0 0 0 0 0 0 1 0 1 0/0 12:11 0:02 0:00
Caleb Jones 0 2 2 2 0 1 0 3 0 1 0/0 29:00 1:36 4:51
Declan Chisholm 0 0 0 0 0 0 2 1 0 2 0/0 18:58 0:51 3:12
Dominik Simon 0 0 0 0 2 2 1 1 0 1 0/0 16:37 0:54 0:37
Johan Larsson 3 3 6 3 2 4 3 0 1 0 18/40 22:55 1:31 3:58
Kevin Stenlund 0 0 0 0 0 1 0 0 0 0 6/10 16:41 0:54 0:43
Marc McLaughlin 0 0 0 0 2 1 1 1 0 0 1/1 11:27 0:02 0:00
Matthew Phillips 0 0 0 0 0 2 1 0 3 0 0/0 15:58 0:54 0:00
Nick Cicek 0 0 0 0 0 0 0 0 0 1 0/0 12:02 0:00 0:00
Philippe Myers 0 2 2 2 0 5 1 3 0 0 0/0 29:00 1:36 4:51
Riley Damiani 0 0 0 0 0 4 1 0 0 0 1/8 10:54 0:00 0:00
Robin Salo 0 0 0 0 0 1 2 1 1 0 0/0 18:58 0:51 3:12
Ryan Dzingel 2 2 4 2 6 4 1 1 0 2 3/3 23:45 1:31 2:05
Ryan Suzuki 0 0 0 -1 0 0 0 0 1 0 2/3 5:49 0:00 0:00
Tyler Madden 0 0 0 0 0 0 0 0 0 0 0/0 4:58 0:02 0:00
Players Stats for Newfoundland Shamrocks
Player Name G A P +/- PIM S H SB GA TA FO MP PP MP PK MP
------------------------------------------------------------------------------------
Alec Regula 0 0 0 0 0 2 2 2 0 2 0/0 17:49 0:00 0:52
Alex Chiasson 0 0 0 -2 0 5 0 0 0 0 2/2 22:19 4:34 0:37
Denis Gurianov 0 0 0 -2 0 6 1 0 1 0 0/0 21:05 3:14 0:05
Drew O'Connor 0 1 1 1 0 0 1 0 0 1 0/0 12:17 0:00 1:32
Dylan Coghlan 0 0 0 0 0 2 0 4 1 1 0/0 25:02 0:00 1:35
Filip Hallander 0 0 0 -1 0 1 1 1 1 0 0/0 8:23 0:00 0:22
Jacob Bernard-Docker 0 0 0 -2 5 1 2 1 0 0 0/0 13:59 4:54 0:00
Jon Merrill 1 1 2 0 4 3 3 1 0 0 0/0 24:47 0:15 1:07
Max Comtois 1 0 1 0 0 5 1 1 1 0 0/0 18:37 4:34 0:00
Nicolas Deslauriers 0 1 1 0 2 1 0 0 0 0 0/0 17:22 3:09 0:00
Raphael Lavoie 0 1 1 0 0 3 1 0 0 1 12/21 18:24 4:34 0:00
Riley Barber 1 0 1 1 0 5 1 0 1 0 0/0 13:01 3:14 0:00
Sam Poulin 0 0 0 -1 0 2 0 0 0 0 0/0 12:38 4:54 0:00
Sean Monahan 0 0 0 -2 0 7 2 1 0 1 19/36 18:56 0:15 1:25
Semyon Der-Arguchintsev 0 0 0 -1 0 0 1 1 2 0 2/7 11:08 3:14 0:00
Tanner Laczynski 1 1 2 1 0 2 2 0 0 1 5/7 12:09 0:15 0:53
Ville Heinola 0 2 2 0 0 0 1 4 1 0 0/0 19:10 3:09 0:28
Wyatte Wylie 0 0 0 -2 0 0 0 1 0 0 0/0 10:23 0:00 0:52
3 Stars
1 - Johan Larsson (APE)
2 - Ryan Dzingel (APE)
3 - Philippe Myers (APE)
Power Play
Adelaide Pink Elephants - 2 on 3 Attempt(s) - 66.67%
Newfoundland Shamrocks - 2 on 6 Attempt(s) - 33.33%
Penalty Kill
Adelaide Pink Elephants - 4 on 6 Attempt(s) - 66.67%
- Score 0 goal in Penalty Kill
Newfoundland Shamrocks - 1 on 3 Attempt(s) - 33.33%
- Score 0 goal in Penalty Kill
Team Stat
Adelaide Pink Elephants - Hits : 19 - Faceoff Wins : 33 - Blocked Shots : 17 - Penalty Minutes : 17
Newfoundland Shamrocks - Hits : 19 - Faceoff Wins : 40 - Blocked Shots : 17 - Penalty Minutes : 11
Official
Referees : Brad Meier and Mike Leggo
Linesman : Brad Lazarowich and Brian Murphy
Game Notes
Jacob Bernard-Docker beats up Adam Gaudette at 19:50 of 1st period
Johan Larsson has scored a Hat Trick!
Adelaide Pink Elephants
5 vs 5 Forward
Center Left Wing Right Wing Time % Phy DF OF
1 Johan Larsson Ryan Dzingel Adam Gaudette 40 1 2 2
2 Kevin Stenlund Dominik Simon Matthew Phillips 30 1 2 2
3 Riley Damiani Axel Jonsson-Fjallby Marc McLaughlin 20 1 2 2
4 Ryan Suzuki A.J. Greer Ryan Dzingel 10 1 2 2
5 vs 5 Defense
Defense Defense Time % Phy DF OF
1 Caleb Jones Philippe Myers 40 1 2 2
2 Robin Salo Declan Chisholm 30 1 2 2
3 Ben Gleason Nick Cicek 20 1 2 2
4 Caleb Jones Philippe Myers 10 1 2 2
PowerPlay Forward
Center Left Wing Right Wing Time % Phy DF OF
1 Johan Larsson Ryan Dzingel Adam Gaudette 60 1 2 2
2 Kevin Stenlund Dominik Simon Matthew Phillips 40 1 2 2
PowerPlay Defense
Defense Defense Time % Phy DF OF
1 Caleb Jones Philippe Myers 60 1 2 2
2 Robin Salo Declan Chisholm 40 1 2 2
Penalty Kill 4 Players Forward
Center Wing Time % Phy DF OF
1 Johan Larsson Ryan Dzingel 60 1 2 2
2 Adam Gaudette Dominik Simon 40 1 2 2
Penalty Kill 4 Players Defense
Defense Defense Time % Phy DF OF
1 Caleb Jones Philippe Myers 60 1 2 2
2 Robin Salo Declan Chisholm 40 1 2 2
Penalty Kill - 3 Players Forward
Forward Time % Phy DF OF
1 Johan Larsson 60 1 2 2
2 Ryan Dzingel 40 1 2 2
Penalty Kill - 3 Players Defense
Defense Defense Time % Phy DF OF
1 Caleb Jones Philippe Myers 60 1 2 2
2 Robin Salo Declan Chisholm 40 1 2 2
4 vs 4 Forward
Center Wing Time % Phy DF OF
1 Johan Larsson Ryan Dzingel 60 1 2 2
2 Adam Gaudette Dominik Simon 40 1 2 2
4 vs 4 Defense
Defense Defense Time % Phy DF OF
1 Caleb Jones Philippe Myers 60 1 2 2
2 Robin Salo Declan Chisholm 40 1 2 2
Last Minutes Offensive
Center Left Wing Right Wing Defense Defense
Johan Larsson Ryan Dzingel Adam Gaudette Caleb Jones Philippe Myers
Last Minutes Defensive
Center Left Wing Right Wing Defense Defense
Johan Larsson Ryan Dzingel Adam Gaudette Caleb Jones Philippe Myers
Goaltenders
Starting : Jet Greaves
Backup : Matthew Murray
Extra Forwards
Normal : Tyler Madden, Marc McLaughlin, Axel Jonsson-Fjallby - PP : Tyler Madden, Marc McLaughlin - PK : Axel Jonsson-Fjallby
Extra Defensemen
Normal : Ben Gleason, Nick Cicek, Robin Salo - PP : Ben Gleason - PK : Nick Cicek, Robin Salo
Penalty Shots
Johan Larsson, Ryan Dzingel, Adam Gaudette, Dominik Simon, Kevin Stenlund
Newfoundland Shamrocks
5 vs 5 Forward
Center Left Wing Right Wing Time % Phy DF OF
1 Sean Monahan Denis Gurianov Alex Chiasson 40 1 2 2
2 Raphael Lavoie Max Comtois Nicolas Deslauriers 30 1 2 2
3 Tanner Laczynski Drew O'Connor Riley Barber 20 1 2 2
4 Semyon Der-Arguchintsev Filip Hallander Sam Poulin 10 1 2 2
5 vs 5 Defense
Defense Defense Time % Phy DF OF
1 Jon Merrill Dylan Coghlan 40 1 2 2
2 Alec Regula Ville Heinola 30 1 2 2
3 Jacob Bernard-Docker Wyatte Wylie 20 1 2 2
4 Jon Merrill Dylan Coghlan 10 1 2 2
PowerPlay Forward
Center Left Wing Right Wing Time % Phy DF OF
1 Raphael Lavoie Max Comtois Alex Chiasson 60 1 2 2
2 Semyon Der-Arguchintsev Denis Gurianov Riley Barber 40 1 2 2
PowerPlay Defense
Defense Defense Time % Phy DF OF
1 Sam Poulin Jacob Bernard-Docker 60 1 2 2
2 Nicolas Deslauriers Ville Heinola 40 1 2 2
Penalty Kill 4 Players Forward
Center Wing Time % Phy DF OF
1 Sean Monahan Drew O'Connor 60 1 2 2
2 Tanner Laczynski Filip Hallander 40 1 2 2
Penalty Kill 4 Players Defense
Defense Defense Time % Phy DF OF
1 Jon Merrill Dylan Coghlan 60 1 2 2
2 Wyatte Wylie Alec Regula 40 1 2 2
Penalty Kill - 3 Players Forward
Forward Time % Phy DF OF
1 Sean Monahan 60 1 2 2
2 Tanner Laczynski 40 1 2 2
Penalty Kill - 3 Players Defense
Defense Defense Time % Phy DF OF
1 Jon Merrill Dylan Coghlan 60 1 2 2
2 Alec Regula Wyatte Wylie 40 1 2 2
4 vs 4 Forward
Center Wing Time % Phy DF OF
1 Sean Monahan Alex Chiasson 60 1 2 2
2 Semyon Der-Arguchintsev Denis Gurianov 40 1 2 2
4 vs 4 Defense
Defense Defense Time % Phy DF OF
1 Jon Merrill Dylan Coghlan 60 1 2 2
2 Alec Regula Ville Heinola 40 1 2 2
Last Minutes Offensive
Center Left Wing Right Wing Defense Defense
Raphael Lavoie Max Comtois Sam Poulin Jon Merrill Alec Regula
Last Minutes Defensive
Center Left Wing Right Wing Defense Defense
Tanner Laczynski Alex Chiasson Nicolas Deslauriers Jon Merrill Alec Regula
Goaltenders
Starting : Dustin Tokarski
Backup : Louis Domingue
Extra Forwards
Normal : Max Comtois, Sean Monahan, Denis Gurianov - PP : Sean Monahan, Tanner Laczynski - PK : Nicolas Deslauriers
Extra Defensemen
Normal : Alec Regula, Jon Merrill, Dylan Coghlan - PP : Wyatte Wylie - PK : Ville Heinola, Jacob Bernard-Docker
Penalty Shots
Alex Chiasson, Max Comtois, Nicolas Deslauriers, Riley Barber, Filip Hallander
% Time on Ice - Adelaide Pink Elephants
Lines # - Real PCT - Wanted PCT - Time Play
Normal Forward
1 - 35% - 40% - 17:26
2 - 31% - 30% - 15:21
3 - 22% - 20% - 10:54
4 - 12% - 10% - 5:49
Normal Defense
1 - 40% - 40% - 19:41
2 - 30% - 30% - 14:55
3 - 24% - 20% - 12:02
4 - 6% - 10% - 2:52
PP Forward
1 - 62% - 60% - 1:31
2 - 38% - 40% - 0:56
PP Defense
1 - 65% - 60% - 1:36
2 - 35% - 40% - 0:51
PK Forward
1 - 76% - 60% - 4:35
2 - 24% - 40% - 1:29
PK Defense
1 - 59% - 60% - 3:33
2 - 41% - 40% - 2:31
PK3 Forward
1 - 100% - 60% - 1:59
2 - 0% - 40% - 0:00
PK3 Defense
1 - 66% - 60% - 1:18
2 - 34% - 40% - 0:41
44 Forward
1 - 0% - 60%
2 - 0% - 40%
44 Defense
1 - 0% - 60%
2 - 0% - 40%
Last Minute Offensive - 0:00
Last Minute Defensive - 0:00
Total
Forward - 60:00
Defense - 60:00
|
% Time on Ice - Newfoundland Shamrocks
Lines # - Real PCT - Wanted PCT - Time Play
Normal Forward
1 - 36% - 40% - 18:00
2 - 28% - 30% - 13:38
3 - 20% - 20% - 9:58
4 - 16% - 10% - 7:54
Normal Defense
1 - 43% - 40% - 21:06
2 - 31% - 30% - 15:34
3 - 19% - 20% - 9:30
4 - 7% - 10% - 3:20
PP Forward
1 - 60% - 60% - 4:49
2 - 40% - 40% - 3:14
PP Defense
1 - 61% - 60% - 4:54
2 - 39% - 40% - 3:09
PK Forward
1 - 91% - 60% - 2:14
2 - 9% - 40% - 0:13
PK Defense
1 - 65% - 60% - 1:35
2 - 35% - 40% - 0:52
PK3 Forward
1 - 0% - 60%
2 - 0% - 40%
PK3 Defense
1 - 0% - 60%
2 - 0% - 40%
44 Forward
1 - 0% - 60%
2 - 0% - 40%
44 Defense
1 - 0% - 60%
2 - 0% - 40%
Last Minute Offensive - 0:00
Last Minute Defensive - 0:00
Total
Forward - 60:00
Defense - 60:00
|
Play-by-Play
1st period
0:01 of 1st period - Johan Larsson wins face-off versus Sean Monahan in neutral zone.
0:35 of 1st period - Minor Penalty to Dominik Simon for Tripping.
0:36 of 1st period - Raphael Lavoie wins face-off versus Johan Larsson in Adelaide Pink Elephants zone.
1:34 of 1st period - Philippe Myers is hit by Max Comtois and loses puck.
2:35 of 1st period - Penalty to Dominik Simon is over, Dominik Simon is back on ice.
3:29 of 1st period - Snap shot by Axel Jonsson-Fjallby.
3:29 of 1st period - Shot Misses the Net.
5:05 of 1st period - Wrist shot by Filip Hallander.
5:05 of 1st period - Deflect By Philippe Myers.
5:05 of 1st period - Stopped by Jet Greaves with a rebound.
5:11 of 1st period - Denis Gurianov is hit by Axel Jonsson-Fjallby and loses puck.
5:22 of 1st period - Philippe Myers is hit by Tanner Laczynski and loses puck.
5:26 of 1st period - Icing by Matthew Phillips.
5:27 of 1st period - Kevin Stenlund wins face-off versus Tanner Laczynski in Adelaide Pink Elephants zone.
5:40 of 1st period - Tanner Laczynski is hit by Declan Chisholm.
5:59 of 1st period - Snap shot by Dominik Simon.
5:59 of 1st period - Shot Misses the Net.
6:07 of 1st period - Slapshot by Riley Barber.
6:07 of 1st period - Stopped by Jet Greaves without a rebound.
6:08 of 1st period - Johan Larsson wins face-off versus Raphael Lavoie in Adelaide Pink Elephants zone.
7:23 of 1st period - Drew O'Connor is hit by Axel Jonsson-Fjallby and loses puck.
8:56 of 1st period - Snap shot by Riley Barber.
8:56 of 1st period - Shot Blocked by Declan Chisholm.
8:58 of 1st period - Snap shot by Tanner Laczynski.
8:58 of 1st period - Shot Blocked by Ryan Dzingel.
9:20 of 1st period - Riley Damiani is hit by Filip Hallander and loses puck.
9:49 of 1st period - Johan Larsson is hit by Jon Merrill and loses puck.
10:59 of 1st period - Denis Gurianov is hit by Riley Damiani and loses puck.
11:19 of 1st period - Adam Gaudette is hit by Riley Barber and loses puck.
11:35 of 1st period - Robin Salo is hit by Jon Merrill and loses puck.
12:06 of 1st period - Wrist shot by Sean Monahan.
12:06 of 1st period - Shot Misses the Net.
12:08 of 1st period - Snap shot by Sean Monahan.
12:08 of 1st period - Stopped by Jet Greaves with a rebound.
12:12 of 1st period - Snap shot by Sean Monahan.
12:12 of 1st period - Stopped by Jet Greaves with a rebound.
12:30 of 1st period - Snap shot by Tanner Laczynski.
12:30 of 1st period - Shot Misses the Net.
12:52 of 1st period - Icing by Jacob Bernard-Docker.
12:53 of 1st period - Johan Larsson wins face-off versus Semyon Der-Arguchintsev in Newfoundland Shamrocks zone.
12:56 of 1st period - Wrist shot by Adam Gaudette.
12:56 of 1st period - Stopped by Dustin Tokarski with a rebound.
12:58 of 1st period - Slapshot by Philippe Myers.
12:58 of 1st period - Stopped by Dustin Tokarski with a rebound.
13:00 of 1st period - Wrist shot by Johan Larsson.
13:00 of 1st period - Shot Misses the Net.
13:02 of 1st period - Wrist shot by Adam Gaudette.
13:02 of 1st period - Stopped by Dustin Tokarski with a rebound.
13:04 of 1st period - Wrist shot by Tyler Madden.
13:04 of 1st period - Shot Misses the Net.
13:22 of 1st period - Snap shot by Dominik Simon.
13:22 of 1st period - Shot Misses the Net.
13:34 of 1st period - Slapshot by Sean Monahan.
13:34 of 1st period - Stopped by Jet Greaves without a rebound.
13:35 of 1st period - Marc McLaughlin wins face-off versus Raphael Lavoie in Adelaide Pink Elephants zone.
13:42 of 1st period - Slapshot by Raphael Lavoie.
13:42 of 1st period - Stopped by Jet Greaves without a rebound.
13:43 of 1st period - Ryan Dzingel wins face-off versus Sean Monahan in Adelaide Pink Elephants zone.
13:52 of 1st period - Denis Gurianov is hit by Ryan Dzingel.
13:57 of 1st period - Icing by Denis Gurianov.
13:58 of 1st period - Johan Larsson wins face-off versus Sean Monahan in Newfoundland Shamrocks zone.
14:17 of 1st period - Snap shot by Sean Monahan.
14:17 of 1st period - Shot Misses the Net.
14:25 of 1st period - Wrist shot by Denis Gurianov.
14:25 of 1st period - Stopped by Jet Greaves with a rebound.
14:31 of 1st period - Wrist shot by Matthew Phillips.
14:31 of 1st period - Shot Blocked by Jon Merrill.
14:33 of 1st period - Slapshot by Philippe Myers.
14:33 of 1st period - Shot Misses the Net.
14:35 of 1st period - Snap shot by Philippe Myers.
14:35 of 1st period - Stopped by Dustin Tokarski with a rebound.
14:47 of 1st period - Slapshot by Riley Damiani.
14:47 of 1st period - Stopped by Dustin Tokarski without a rebound.
14:48 of 1st period - Riley Damiani wins face-off versus Raphael Lavoie in Newfoundland Shamrocks zone.
14:51 of 1st period - Snap shot by Riley Damiani.
14:51 of 1st period - Stopped by Dustin Tokarski with a rebound.
14:53 of 1st period - Slapshot by Axel Jonsson-Fjallby.
14:53 of 1st period - Stopped by Dustin Tokarski with a rebound.
14:55 of 1st period - Wrist shot by Axel Jonsson-Fjallby.
14:55 of 1st period - Stopped by Dustin Tokarski without a rebound.
14:56 of 1st period - Ryan Dzingel wins face-off versus Raphael Lavoie in Newfoundland Shamrocks zone.
15:23 of 1st period - Wrist shot by Riley Barber.
15:23 of 1st period - Stopped by Jet Greaves with a rebound.
15:41 of 1st period - Wrist shot by Denis Gurianov.
15:41 of 1st period - Shot Blocked by Marc McLaughlin.
15:45 of 1st period - Wrist shot by Denis Gurianov.
15:45 of 1st period - Stopped by Jet Greaves with a rebound.
15:47 of 1st period - Wrist shot by Alex Chiasson.
15:47 of 1st period - Shot Misses the Net.
15:49 of 1st period - Snap shot by Sean Monahan.
15:49 of 1st period - Stopped by Jet Greaves with a rebound.
16:01 of 1st period - Snap shot by Semyon Der-Arguchintsev.
16:01 of 1st period - Deflect By Ryan Dzingel.
16:01 of 1st period - Shot Blocked by Adam Gaudette.
16:01 of 1st period - Puck is out of play.
16:02 of 1st period - Johan Larsson wins face-off versus Semyon Der-Arguchintsev in Adelaide Pink Elephants zone.
16:09 of 1st period - Slapshot by Adam Gaudette.
16:09 of 1st period - Shot Misses the Net.
16:15 of 1st period - Snap shot by Ryan Dzingel.
16:15 of 1st period - Stopped by Dustin Tokarski without a rebound.
16:16 of 1st period - Sean Monahan wins face-off versus Johan Larsson in Newfoundland Shamrocks zone.
16:25 of 1st period - Philippe Myers is hit by Denis Gurianov and loses puck.
16:32 of 1st period - Backhand shot by Alex Chiasson.
16:32 of 1st period - Shot Misses the Net.
16:42 of 1st period - Kevin Stenlund is hit by Jon Merrill and loses puck.
16:52 of 1st period - Minor Penalty to Jon Merrill for Holding.
16:53 of 1st period - Adam Gaudette wins face-off versus Sean Monahan in Newfoundland Shamrocks zone.
16:57 of 1st period - Snap shot by Johan Larsson.
16:57 of 1st period - Shot Blocked by Dylan Coghlan.
16:59 of 1st period - Snap shot by Johan Larsson.
16:59 of 1st period - Stopped by Dustin Tokarski with a rebound.
17:01 of 1st period - Slapshot by Ryan Dzingel.
17:01 of 1st period - Shot Blocked by Ville Heinola.
17:03 of 1st period - Slapshot by Caleb Jones.
17:03 of 1st period - Shot Blocked by Ville Heinola.
17:05 of 1st period - Slapshot by Philippe Myers.
17:05 of 1st period - Stopped by Dustin Tokarski with a rebound.
17:07 of 1st period - Snap shot by Caleb Jones.
17:07 of 1st period - Deflect By Johan Larsson.
17:07 of 1st period - Goal by Johan Larsson - Adelaide Pink Elephants : 1 - Newfoundland Shamrocks : 0.
17:08 of 1st period - Sean Monahan wins face-off versus Adam Gaudette in neutral zone.
17:15 of 1st period - Slapshot by Sean Monahan.
17:15 of 1st period - Shot Blocked by Caleb Jones.
17:21 of 1st period - Snap shot by Johan Larsson.
17:21 of 1st period - Shot Misses the Net.
17:23 of 1st period - Wrist shot by Adam Gaudette.
17:23 of 1st period - Stopped by Dustin Tokarski with a rebound.
18:04 of 1st period - Wrist shot by Riley Barber.
18:04 of 1st period - Shot Misses the Net.
18:06 of 1st period - Snap shot by Tanner Laczynski.
18:06 of 1st period - Shot Misses the Net.
18:16 of 1st period - Snap shot by Adam Gaudette.
18:16 of 1st period - Shot Blocked by Filip Hallander.
18:18 of 1st period - Slapshot by Ryan Dzingel.
18:18 of 1st period - Deflect By Adam Gaudette.
18:18 of 1st period - Shot Misses the Net.
18:18 of 1st period - Puck is out of play.
18:19 of 1st period - Semyon Der-Arguchintsev wins face-off versus Johan Larsson in Newfoundland Shamrocks zone.
18:40 of 1st period - Snap shot by Filip Hallander.
18:40 of 1st period - Deflect By Adam Gaudette.
18:40 of 1st period - Shot Misses the Net.
18:40 of 1st period - Puck is out of play.
18:41 of 1st period - Sean Monahan wins face-off versus Kevin Stenlund in Adelaide Pink Elephants zone.
18:54 of 1st period - Wrist shot by Sean Monahan.
18:54 of 1st period - Stopped by Jet Greaves with a rebound.
19:13 of 1st period - Wrist shot by Johan Larsson.
19:13 of 1st period - Deflect By Max Comtois.
19:13 of 1st period - Shot Misses the Net.
19:13 of 1st period - Puck is out of play.
19:14 of 1st period - Johan Larsson wins face-off versus Raphael Lavoie in Newfoundland Shamrocks zone.
19:19 of 1st period - Backhand shot by Ryan Dzingel.
19:19 of 1st period - Goal by Ryan Dzingel - Adelaide Pink Elephants : 2 - Newfoundland Shamrocks : 0.
19:20 of 1st period - Sean Monahan wins face-off versus Johan Larsson in neutral zone.
19:27 of 1st period - Snap shot by Sean Monahan.
19:27 of 1st period - Shot Misses the Net.
19:29 of 1st period - Slapshot by Alex Chiasson.
19:29 of 1st period - Shot Blocked by Adam Gaudette.
19:31 of 1st period - Slapshot by Jon Merrill.
19:31 of 1st period - Shot Hit the Post.
19:33 of 1st period - Wrist shot by Jon Merrill.
19:33 of 1st period - Shot Misses the Net.
19:35 of 1st period - Wrist shot by Denis Gurianov.
19:35 of 1st period - Deflect By Sean Monahan.
19:35 of 1st period - Stopped by Jet Greaves with a rebound.
19:45 of 1st period - Slapshot by Tanner Laczynski.
19:45 of 1st period - Shot Misses the Net.
19:50 of 1st period - Jacob Bernard-Docker beats up Adam Gaudette.
19:50 of 1st period - Penalty to Jacob Bernard-Docker for Fighting.
19:50 of 1st period - Penalty to Adam Gaudette for Fighting.
19:51 of 1st period - Johan Larsson wins face-off versus Sean Monahan in Adelaide Pink Elephants zone.
Goals for this period are 2 for Adelaide Pink Elephants vs 0 for Newfoundland Shamrocks.
Shots for this period are 14 for Adelaide Pink Elephants vs 12 for Newfoundland Shamrocks.
2nd period
0:01 of 2nd period - Sean Monahan wins face-off versus Johan Larsson in neutral zone.
0:16 of 2nd period - Snap shot by Denis Gurianov.
0:16 of 2nd period - Stopped by Jet Greaves with a rebound.
1:36 of 2nd period - Off-side.
1:37 of 2nd period - Raphael Lavoie wins face-off versus Johan Larsson in neutral zone.
1:39 of 2nd period - Off-side.
1:40 of 2nd period - Raphael Lavoie wins face-off versus Johan Larsson in neutral zone.
1:45 of 2nd period - Wrist shot by Raphael Lavoie.
1:45 of 2nd period - Stopped by Jet Greaves with a rebound.
1:54 of 2nd period - Off-side.
1:55 of 2nd period - Alex Chiasson wins face-off versus Kevin Stenlund in neutral zone.
2:30 of 2nd period - Ville Heinola is hit by Johan Larsson and loses puck.
2:46 of 2nd period - Off-side.
2:47 of 2nd period - Tanner Laczynski wins face-off versus Riley Damiani in neutral zone.
2:50 of 2nd period - Marc McLaughlin is hit by Tanner Laczynski and loses puck.
2:57 of 2nd period - Slapshot by Robin Salo.
2:57 of 2nd period - Shot Misses the Net.
2:59 of 2nd period - Wrist shot by Marc McLaughlin.
2:59 of 2nd period - Stopped by Dustin Tokarski with a rebound.
3:07 of 2nd period - Slapshot by Riley Damiani.
3:07 of 2nd period - Stopped by Dustin Tokarski with a rebound.
3:09 of 2nd period - Slapshot by Axel Jonsson-Fjallby.
3:09 of 2nd period - Shot Misses the Net.
3:11 of 2nd period - Wrist shot by Axel Jonsson-Fjallby.
3:11 of 2nd period - Deflect By Riley Damiani.
3:11 of 2nd period - Deflect By Riley Barber.
3:11 of 2nd period - Stopped by Dustin Tokarski with a rebound.
3:13 of 2nd period - Wrist shot by Riley Damiani.
3:13 of 2nd period - Shot Blocked by Dylan Coghlan.
3:15 of 2nd period - Snap shot by Declan Chisholm.
3:15 of 2nd period - Deflect By Riley Damiani.
3:15 of 2nd period - Shot Blocked by Dylan Coghlan.
3:15 of 2nd period - Puck is out of play.
3:16 of 2nd period - Sean Monahan wins face-off versus Johan Larsson in Newfoundland Shamrocks zone.
4:10 of 2nd period - Snap shot by Riley Damiani.
4:10 of 2nd period - Shot Misses the Net.
4:30 of 2nd period - Off-side.
4:31 of 2nd period - Ryan Suzuki wins face-off versus Sean Monahan in neutral zone.
5:02 of 2nd period - Snap shot by Semyon Der-Arguchintsev.
5:02 of 2nd period - Shot Misses the Net.
6:19 of 2nd period - Snap shot by Semyon Der-Arguchintsev.
6:19 of 2nd period - Shot Blocked by Philippe Myers.
6:43 of 2nd period - Johan Larsson is hit by Jacob Bernard-Docker and loses puck.
6:54 of 2nd period - Slapshot by Alex Chiasson.
6:54 of 2nd period - Stopped by Jet Greaves with a rebound.
6:56 of 2nd period - Slapshot by Alec Regula.
6:56 of 2nd period - Shot Misses the Net.
7:12 of 2nd period - Slapshot by Max Comtois.
7:12 of 2nd period - Stopped by Jet Greaves without a rebound.
7:13 of 2nd period - Sean Monahan wins face-off versus Riley Damiani in Adelaide Pink Elephants zone.
7:16 of 2nd period - Snap shot by Denis Gurianov.
7:16 of 2nd period - Shot Blocked by Philippe Myers.
7:33 of 2nd period - Denis Gurianov is hit by Philippe Myers and loses puck.
7:51 of 2nd period - Minor Penalty to Ryan Dzingel for Goalie Interference.
7:52 of 2nd period - Raphael Lavoie wins face-off versus Axel Jonsson-Fjallby in Adelaide Pink Elephants zone.
8:19 of 2nd period - Icing by Jacob Bernard-Docker.
8:20 of 2nd period - Johan Larsson wins face-off versus Raphael Lavoie in Newfoundland Shamrocks zone.
8:43 of 2nd period - Wrist shot by Max Comtois.
8:43 of 2nd period - Shot Blocked by Axel Jonsson-Fjallby.
8:45 of 2nd period - Slapshot by Alex Chiasson.
8:45 of 2nd period - Shot Misses the Net.
8:47 of 2nd period - Slapshot by Sam Poulin.
8:47 of 2nd period - Deflect By Max Comtois.
8:47 of 2nd period - Shot Misses the Net.
8:47 of 2nd period - Puck is out of play.
8:48 of 2nd period - Semyon Der-Arguchintsev wins face-off versus Johan Larsson in Adelaide Pink Elephants zone.
8:49 of 2nd period - Slapshot by Denis Gurianov.
8:49 of 2nd period - Stopped by Jet Greaves with a rebound.
8:51 of 2nd period - Snap shot by Semyon Der-Arguchintsev.
8:51 of 2nd period - Deflect By Denis Gurianov.
8:51 of 2nd period - Shot Blocked by Robin Salo.
8:51 of 2nd period - Puck is out of play.
8:52 of 2nd period - Johan Larsson wins face-off versus Semyon Der-Arguchintsev in Adelaide Pink Elephants zone.
9:17 of 2nd period - Slapshot by Nicolas Deslauriers.
9:17 of 2nd period - Shot Misses the Net.
9:19 of 2nd period - Slapshot by Ville Heinola.
9:19 of 2nd period - Shot Misses the Net.
9:21 of 2nd period - Slapshot by Ville Heinola.
9:21 of 2nd period - Deflect By Riley Barber.
9:21 of 2nd period - Goal by Riley Barber - Adelaide Pink Elephants : 2 - Newfoundland Shamrocks : 1.
9:22 of 2nd period - Johan Larsson wins face-off versus Sean Monahan in neutral zone.
9:29 of 2nd period - Slapshot by Ryan Dzingel.
9:29 of 2nd period - Shot Misses the Net.
9:31 of 2nd period - Wrist shot by Johan Larsson.
9:31 of 2nd period - Goal by Johan Larsson - Adelaide Pink Elephants : 3 - Newfoundland Shamrocks : 1.
9:32 of 2nd period - Sean Monahan wins face-off versus Johan Larsson in neutral zone.
9:59 of 2nd period - Raphael Lavoie is hit by Dominik Simon and loses puck.
10:20 of 2nd period - Dylan Coghlan is hit by Marc McLaughlin and loses puck.
10:27 of 2nd period - Tanner Laczynski is hit by Robin Salo and loses puck.
10:39 of 2nd period - Off-side.
10:40 of 2nd period - Ryan Suzuki wins face-off versus Semyon Der-Arguchintsev in neutral zone.
10:54 of 2nd period - Ryan Dzingel is hit by Semyon Der-Arguchintsev and loses puck.
11:15 of 2nd period - Snap shot by Dominik Simon.
11:15 of 2nd period - Stopped by Dustin Tokarski with a rebound.
11:17 of 2nd period - Backhand shot by Kevin Stenlund.
11:17 of 2nd period - Deflect By Matthew Phillips.
11:17 of 2nd period - Shot Blocked by Sean Monahan.
11:17 of 2nd period - Puck is out of play.
11:18 of 2nd period - Johan Larsson wins face-off versus Raphael Lavoie in Newfoundland Shamrocks zone.
11:31 of 2nd period - Slapshot by Jon Merrill.
11:31 of 2nd period - Stopped by Jet Greaves without a rebound.
11:32 of 2nd period - Johan Larsson wins face-off versus Sean Monahan in Adelaide Pink Elephants zone.
11:39 of 2nd period - Snap shot by Sean Monahan.
11:39 of 2nd period - Deflect By Denis Gurianov.
11:39 of 2nd period - Shot Blocked by Adam Gaudette.
11:39 of 2nd period - Puck is out of play.
11:40 of 2nd period - Sean Monahan wins face-off versus Johan Larsson in Adelaide Pink Elephants zone.
12:06 of 2nd period - Snap shot by Denis Gurianov.
12:06 of 2nd period - Stopped by Jet Greaves with a rebound.
12:08 of 2nd period - Snap shot by Denis Gurianov.
12:08 of 2nd period - Deflect By Alex Chiasson.
12:08 of 2nd period - Stopped by Jet Greaves with a rebound.
12:16 of 2nd period - Wrist shot by Alex Chiasson.
12:16 of 2nd period - Shot Blocked by Caleb Jones.
12:18 of 2nd period - Wrist shot by Alex Chiasson.
12:18 of 2nd period - Shot Misses the Net.
12:20 of 2nd period - Snap shot by Sean Monahan.
12:20 of 2nd period - Shot Misses the Net.
12:22 of 2nd period - Slapshot by Alex Chiasson.
12:22 of 2nd period - Shot Misses the Net.
12:24 of 2nd period - Snap shot by Dylan Coghlan.
12:24 of 2nd period - Stopped by Jet Greaves without a rebound.
12:25 of 2nd period - Raphael Lavoie wins face-off versus Kevin Stenlund in Adelaide Pink Elephants zone.
12:52 of 2nd period - Alec Regula is hit by Axel Jonsson-Fjallby.
13:19 of 2nd period - Icing by Semyon Der-Arguchintsev.
13:20 of 2nd period - Kevin Stenlund wins face-off versus Semyon Der-Arguchintsev in Newfoundland Shamrocks zone.
13:21 of 2nd period - Wrist shot by Dominik Simon.
13:21 of 2nd period - Shot Blocked by Wyatte Wylie.
13:23 of 2nd period - Slapshot by Philippe Myers.
13:23 of 2nd period - Shot Blocked by Jacob Bernard-Docker.
13:25 of 2nd period - Snap shot by Dominik Simon.
13:25 of 2nd period - Deflect By Matthew Phillips.
13:25 of 2nd period - Shot Misses the Net.
13:25 of 2nd period - Puck is out of play.
13:26 of 2nd period - Kevin Stenlund wins face-off versus Sean Monahan in Newfoundland Shamrocks zone.
13:29 of 2nd period - Snap shot by Dominik Simon.
13:29 of 2nd period - Shot Misses the Net.
13:31 of 2nd period - Snap shot by Matthew Phillips.
13:31 of 2nd period - Shot Misses the Net.
13:51 of 2nd period - Jon Merrill is hit by Johan Larsson and loses puck.
14:20 of 2nd period - Philippe Myers is hit by Alec Regula and loses puck.
14:33 of 2nd period - Slapshot by Johan Larsson.
14:33 of 2nd period - Shot Blocked by Alec Regula.
14:35 of 2nd period - Slapshot by Philippe Myers.
14:35 of 2nd period - Shot Misses the Net.
14:37 of 2nd period - Slapshot by Caleb Jones.
14:37 of 2nd period - Stopped by Dustin Tokarski with a rebound.
14:39 of 2nd period - Slapshot by Adam Gaudette.
14:39 of 2nd period - Shot Blocked by Semyon Der-Arguchintsev.
14:41 of 2nd period - Wrist shot by Johan Larsson.
14:41 of 2nd period - Shot Blocked by Ville Heinola.
14:43 of 2nd period - Slapshot by Philippe Myers.
14:43 of 2nd period - Shot Misses the Net.
14:45 of 2nd period - Slapshot by Philippe Myers.
14:45 of 2nd period - Stopped by Dustin Tokarski with a rebound.
14:47 of 2nd period - Snap shot by Ryan Dzingel.
14:47 of 2nd period - Deflect By Semyon Der-Arguchintsev.
14:47 of 2nd period - Stopped by Dustin Tokarski with a rebound.
14:49 of 2nd period - Wrist shot by Philippe Myers.
14:49 of 2nd period - Stopped by Dustin Tokarski without a rebound.
14:50 of 2nd period - Sean Monahan wins face-off versus Kevin Stenlund in Newfoundland Shamrocks zone.
14:59 of 2nd period - Wrist shot by Dominik Simon.
14:59 of 2nd period - Stopped by Dustin Tokarski with a rebound.
15:01 of 2nd period - Slapshot by Robin Salo.
15:01 of 2nd period - Stopped by Dustin Tokarski with a rebound.
15:49 of 2nd period - Icing by Robin Salo.
15:50 of 2nd period - Sean Monahan wins face-off versus Ryan Suzuki in Adelaide Pink Elephants zone.
15:55 of 2nd period - Wrist shot by Sean Monahan.
15:55 of 2nd period - Shot Hit the Post.
16:22 of 2nd period - Nicolas Deslauriers is hit by Matthew Phillips and loses puck.
16:30 of 2nd period - Off-side.
16:31 of 2nd period - Johan Larsson wins face-off versus Tanner Laczynski in neutral zone.
16:47 of 2nd period - Wrist shot by Dylan Coghlan.
16:47 of 2nd period - Deflect By Drew O'Connor.
16:47 of 2nd period - Shot Misses the Net.
16:47 of 2nd period - Puck is out of play.
16:48 of 2nd period - Kevin Stenlund wins face-off versus Sean Monahan in Adelaide Pink Elephants zone.
16:48 of 2nd period - Kevin Stenlund is hit by Sean Monahan.
16:58 of 2nd period - Wrist shot by Matthew Phillips.
16:58 of 2nd period - Stopped by Dustin Tokarski without a rebound.
16:59 of 2nd period - Johan Larsson wins face-off versus Sean Monahan in Newfoundland Shamrocks zone.
17:04 of 2nd period - Slapshot by Adam Gaudette.
17:04 of 2nd period - Goal by Adam Gaudette - Adelaide Pink Elephants : 4 - Newfoundland Shamrocks : 1.
17:05 of 2nd period - Sean Monahan wins face-off versus Johan Larsson in neutral zone.
17:41 of 2nd period - Off-side.
17:42 of 2nd period - Tanner Laczynski wins face-off versus Riley Damiani in neutral zone.
18:03 of 2nd period - Minor Penalty to Marc McLaughlin for Hooking.
18:04 of 2nd period - Raphael Lavoie wins face-off versus Johan Larsson in Adelaide Pink Elephants zone.
18:05 of 2nd period - Snap shot by Max Comtois.
18:05 of 2nd period - Shot Misses the Net.
18:07 of 2nd period - Slapshot by Max Comtois.
18:07 of 2nd period - Stopped by Jet Greaves with a rebound.
18:34 of 2nd period - Wrist shot by Riley Barber.
18:34 of 2nd period - Shot Misses the Net.
18:36 of 2nd period - Slapshot by Jacob Bernard-Docker.
18:36 of 2nd period - Shot Blocked by Dominik Simon.
18:38 of 2nd period - Slapshot by Jacob Bernard-Docker.
18:38 of 2nd period - Stopped by Jet Greaves without a rebound.
18:39 of 2nd period - Raphael Lavoie wins face-off versus Adam Gaudette in Adelaide Pink Elephants zone.
18:54 of 2nd period - Wrist shot by Max Comtois.
18:54 of 2nd period - Shot Misses the Net.
19:50 of 2nd period - Alex Chiasson is hit by Declan Chisholm and loses puck.
Goals for this period are 2 for Adelaide Pink Elephants vs 1 for Newfoundland Shamrocks.
Shots for this period are 13 for Adelaide Pink Elephants vs 12 for Newfoundland Shamrocks.
3rd period
0:01 of 3rd period - Ryan Dzingel wins face-off versus Raphael Lavoie in neutral zone.
0:03 of 3rd period - Penalty to Marc McLaughlin is over, Marc McLaughlin is back on ice.
0:26 of 3rd period - Kevin Stenlund is hit by Jacob Bernard-Docker and loses puck.
0:49 of 3rd period - Slapshot by Philippe Myers.
0:49 of 3rd period - Shot Misses the Net.
1:34 of 3rd period - Off-side.
1:35 of 3rd period - Tanner Laczynski wins face-off versus A.J. Greer in neutral zone.
1:40 of 3rd period - Ryan Suzuki is hit by Drew O'Connor.
1:44 of 3rd period - Slapshot by Tanner Laczynski.
1:44 of 3rd period - Shot Hit the Post.
1:46 of 3rd period - Snap shot by Tanner Laczynski.
1:46 of 3rd period - Stopped by Jet Greaves with a rebound.
1:48 of 3rd period - Snap shot by Drew O'Connor.
1:48 of 3rd period - Shot Misses the Net.
1:50 of 3rd period - Wrist shot by Tanner Laczynski.
1:50 of 3rd period - Goal by Tanner Laczynski - Adelaide Pink Elephants : 4 - Newfoundland Shamrocks : 2.
1:51 of 3rd period - Sean Monahan wins face-off versus Johan Larsson in neutral zone.
1:53 of 3rd period - Off-side.
1:54 of 3rd period - Sean Monahan wins face-off versus Johan Larsson in neutral zone.
1:57 of 3rd period - Snap shot by Alex Chiasson.
1:57 of 3rd period - Stopped by Jet Greaves with a rebound.
2:19 of 3rd period - Wrist shot by Max Comtois.
2:19 of 3rd period - Shot Misses the Net.
2:25 of 3rd period - Snap shot by Declan Chisholm.
2:25 of 3rd period - Shot Blocked by Dylan Coghlan.
2:27 of 3rd period - Slapshot by Matthew Phillips.
2:27 of 3rd period - Stopped by Dustin Tokarski without a rebound.
2:28 of 3rd period - Sean Monahan wins face-off versus Johan Larsson in Newfoundland Shamrocks zone.
3:00 of 3rd period - Snap shot by Nicolas Deslauriers.
3:00 of 3rd period - Stopped by Jet Greaves with a rebound.
3:02 of 3rd period - Wrist shot by Raphael Lavoie.
3:02 of 3rd period - Stopped by Jet Greaves with a rebound.
3:04 of 3rd period - Snap shot by Raphael Lavoie.
3:04 of 3rd period - Shot Misses the Net.
4:00 of 3rd period - Snap shot by Denis Gurianov.
4:00 of 3rd period - Shot Misses the Net.
4:06 of 3rd period - Alex Chiasson is hit by Adam Gaudette and loses puck.
4:17 of 3rd period - Jon Merrill is hit by A.J. Greer and loses puck.
4:56 of 3rd period - Snap shot by Johan Larsson.
4:56 of 3rd period - Shot Blocked by Max Comtois.
5:42 of 3rd period - Slapshot by Sam Poulin.
5:42 of 3rd period - Shot Misses the Net.
5:44 of 3rd period - Slapshot by Alec Regula.
5:44 of 3rd period - Shot Misses the Net.
5:46 of 3rd period - Wrist shot by Sam Poulin.
5:46 of 3rd period - Stopped by Jet Greaves with a rebound.
5:48 of 3rd period - Wrist shot by Alec Regula.
5:48 of 3rd period - Deflect By Kevin Stenlund.
5:48 of 3rd period - Stopped by Jet Greaves without a rebound.
5:49 of 3rd period - Sean Monahan wins face-off versus Riley Damiani in Adelaide Pink Elephants zone.
5:52 of 3rd period - Slapshot by Sean Monahan.
5:52 of 3rd period - Shot Misses the Net.
6:07 of 3rd period - Caleb Jones is hit by Alec Regula and loses puck.
7:03 of 3rd period - Slapshot by Alec Regula.
7:03 of 3rd period - Stopped by Jet Greaves with a rebound.
7:17 of 3rd period - Riley Damiani is hit by Ville Heinola and loses puck.
7:39 of 3rd period - Off-side.
7:40 of 3rd period - Kevin Stenlund wins face-off versus Raphael Lavoie in neutral zone.
8:11 of 3rd period - Wrist shot by Alex Chiasson.
8:11 of 3rd period - Stopped by Jet Greaves without a rebound.
8:12 of 3rd period - Kevin Stenlund wins face-off versus Sean Monahan in Adelaide Pink Elephants zone.
8:27 of 3rd period - Slapshot by Kevin Stenlund.
8:27 of 3rd period - Stopped by Dustin Tokarski with a rebound.
8:39 of 3rd period - Slapshot by Alex Chiasson.
8:39 of 3rd period - Stopped by Jet Greaves without a rebound.
8:40 of 3rd period - Raphael Lavoie wins face-off versus Adam Gaudette in Adelaide Pink Elephants zone.
8:51 of 3rd period - Snap shot by Nicolas Deslauriers.
8:51 of 3rd period - Deflect By Max Comtois.
8:51 of 3rd period - Stopped by Jet Greaves without a rebound.
8:52 of 3rd period - Johan Larsson wins face-off versus Sean Monahan in Adelaide Pink Elephants zone.
9:28 of 3rd period - Slapshot by Max Comtois.
9:28 of 3rd period - Stopped by Jet Greaves with a rebound.
9:51 of 3rd period - Slapshot by Riley Barber.
9:51 of 3rd period - Stopped by Jet Greaves with a rebound.
10:05 of 3rd period - Slapshot by Johan Larsson.
10:05 of 3rd period - Goal by Johan Larsson - Adelaide Pink Elephants : 5 - Newfoundland Shamrocks : 2.
10:06 of 3rd period - Alex Chiasson wins face-off versus Johan Larsson in neutral zone.
10:09 of 3rd period - Slapshot by Denis Gurianov.
10:09 of 3rd period - Deflect By Sean Monahan.
10:09 of 3rd period - Shot Misses the Net.
10:09 of 3rd period - Puck is out of play.
10:10 of 3rd period - Johan Larsson wins face-off versus Sean Monahan in Adelaide Pink Elephants zone.
10:12 of 3rd period - Double Minor Penalty to Ryan Dzingel for High sticking.
10:13 of 3rd period - Raphael Lavoie wins face-off versus Johan Larsson in Adelaide Pink Elephants zone.
10:35 of 3rd period - Minor Penalty to Johan Larsson for Interference.
10:36 of 3rd period - Raphael Lavoie wins face-off versus Axel Jonsson-Fjallby in Adelaide Pink Elephants zone.
10:49 of 3rd period - Slapshot by Max Comtois.
10:49 of 3rd period - Shot Misses the Net.
10:51 of 3rd period - Wrist shot by Sam Poulin.
10:51 of 3rd period - Stopped by Jet Greaves with a rebound.
11:07 of 3rd period - Snap shot by Denis Gurianov.
11:07 of 3rd period - Shot Misses the Net.
12:35 of 3rd period - Penalty to Johan Larsson is over, Johan Larsson is back on ice.
12:43 of 3rd period - Slapshot by Tanner Laczynski.
12:43 of 3rd period - Shot Blocked by Caleb Jones.
12:45 of 3rd period - Slapshot by Ville Heinola.
12:45 of 3rd period - Shot Misses the Net.
12:47 of 3rd period - Slapshot by Jon Merrill.
12:47 of 3rd period - Goal by Jon Merrill - Adelaide Pink Elephants : 5 - Newfoundland Shamrocks : 3.
12:48 of 3rd period - Sean Monahan wins face-off versus Johan Larsson in neutral zone.
12:48 of 3rd period - Sean Monahan is hit by Adam Gaudette.
12:54 of 3rd period - Snap shot by Alex Chiasson.
12:54 of 3rd period - Shot Misses the Net.
13:01 of 3rd period - Icing by Johan Larsson.
13:02 of 3rd period - Raphael Lavoie wins face-off versus Johan Larsson in Adelaide Pink Elephants zone.
13:05 of 3rd period - Snap shot by Max Comtois.
13:05 of 3rd period - Goal by Max Comtois - Adelaide Pink Elephants : 5 - Newfoundland Shamrocks : 4.
13:06 of 3rd period - Adam Gaudette wins face-off versus Sean Monahan in neutral zone.
13:08 of 3rd period - Off-side.
13:09 of 3rd period - Sean Monahan wins face-off versus Johan Larsson in neutral zone.
13:12 of 3rd period - Snap shot by Alex Chiasson.
13:12 of 3rd period - Shot Blocked by Adam Gaudette.
13:14 of 3rd period - Snap shot by Dylan Coghlan.
13:14 of 3rd period - Shot Blocked by Philippe Myers.
13:22 of 3rd period - Wrist shot by Denis Gurianov.
13:22 of 3rd period - Stopped by Jet Greaves with a rebound.
13:24 of 3rd period - Snap shot by Dylan Coghlan.
13:24 of 3rd period - Deflect By Johan Larsson.
13:24 of 3rd period - Stopped by Jet Greaves with a rebound.
13:37 of 3rd period - Minor Penalty to Nicolas Deslauriers for Hooking.
13:38 of 3rd period - Johan Larsson wins face-off versus Sean Monahan in Newfoundland Shamrocks zone.
15:37 of 3rd period - Penalty to Nicolas Deslauriers is over, Nicolas Deslauriers is back on ice.
15:43 of 3rd period - Alec Regula is hit by Robin Salo.
15:47 of 3rd period - Backhand shot by Tyler Madden.
15:47 of 3rd period - Shot Blocked by Alec Regula.
15:50 of 3rd period - Icing by Alec Regula.
15:51 of 3rd period - Tanner Laczynski wins face-off versus Riley Damiani in Newfoundland Shamrocks zone.
16:22 of 3rd period - Wrist shot by Sean Monahan.
16:22 of 3rd period - Stopped by Jet Greaves with a rebound.
17:00 of 3rd period - Slapshot by Max Comtois.
17:00 of 3rd period - Shot Misses the Net.
17:02 of 3rd period - Slapshot by Jon Merrill.
17:02 of 3rd period - Stopped by Jet Greaves without a rebound.
17:03 of 3rd period - Raphael Lavoie wins face-off versus Riley Damiani in Adelaide Pink Elephants zone.
17:33 of 3rd period - Wrist shot by Ryan Dzingel.
17:33 of 3rd period - Deflect By Adam Gaudette.
17:33 of 3rd period - Stopped by Dustin Tokarski without a rebound.
17:34 of 3rd period - Sean Monahan wins face-off versus Johan Larsson in Newfoundland Shamrocks zone.
17:34 of 3rd period - Sean Monahan is hit by Johan Larsson.
17:44 of 3rd period - Minor Penalty to Jon Merrill for Holding.
17:45 of 3rd period - Johan Larsson wins face-off versus Sean Monahan in Newfoundland Shamrocks zone.
17:49 of 3rd period - Snap shot by Adam Gaudette.
17:49 of 3rd period - Shot Misses the Net.
17:51 of 3rd period - Wrist shot by Adam Gaudette.
17:51 of 3rd period - Shot Misses the Net.
17:53 of 3rd period - Slapshot by Philippe Myers.
17:53 of 3rd period - Shot Blocked by Ville Heinola.
17:55 of 3rd period - Wrist shot by Johan Larsson.
17:55 of 3rd period - Shot Misses the Net.
17:57 of 3rd period - Slapshot by Caleb Jones.
17:57 of 3rd period - Deflect By Ryan Dzingel.
17:57 of 3rd period - Goal by Ryan Dzingel - Adelaide Pink Elephants : 6 - Newfoundland Shamrocks : 4.
17:58 of 3rd period - Tanner Laczynski wins face-off versus Riley Damiani in neutral zone.
18:11 of 3rd period - Slapshot by Riley Barber.
18:11 of 3rd period - Stopped by Jet Greaves with a rebound.
18:47 of 3rd period - Declan Chisholm is hit by Raphael Lavoie.
19:05 of 3rd period - Ben Gleason is hit by Sean Monahan and loses puck.
19:28 of 3rd period - Snap shot by Tanner Laczynski.
19:28 of 3rd period - Shot Blocked by Ben Gleason.
Goals for this period are 2 for Adelaide Pink Elephants vs 3 for Newfoundland Shamrocks.
Shots for this period are 5 for Adelaide Pink Elephants vs 21 for Newfoundland Shamrocks.
Back to the Top